AoeStats
← EeeZee3

Northern Isles

511003447Analyzed
1v1 RM · 8h ago on Oct 3, 2026· 55m 20s· 2 players
Game mode
Random Map
Map size
Tiny (2 player)
Population
200
Speed
Normal
Resources
Standard
Victory
Conquest
Starting age
Dark Age
Ending age
Imperial Age
RankedLock teamsTeams togetherTeam positionsShared explorationLock speedFull tech treeHidden civsTurbo modeCheats
Victory
Defeat
🇨🇭 Varangians · Switzerland
570
+16
🇦🇷 Malay · Argentina
573
-16
EeeZee3
1:13 Loom
12:23 Feudal Age
13:50 Double-Bit Axe
14:22 Fishing Lines
15:44 Fletching
15:44 Town Watch
16:00 Gold Mining
16:03 Stone Mining
18:24 Wheelbarrow
21:23 Castle Age
22:23 Scale Mail Armor
22:34 Forging
23:28 Bow Saw
23:44 Squires
23:30 Gambesons
23:31 Arson
24:07 Chain Mail Armor
23:47 Bodkin Arrow
24:21 Horse Collar
25:33 Heavy Plow
26:31 Medium Warships
26:12 Gillnets
26:57 Ballistics
26:34 Murder Holes
26:52 Careening
27:26 Clinker Construction
27:27 Masonry
28:10 Iron Casting
28:59 Treadmill Crane
35:20 Heated Shot
40:43 Hand Cart
42:59 Imperial Age
44:56 Dry Dock
44:58 Carvel Hull
45:40 Chemistry
45:09 Heavy Warships
44:10 Elite Longship
44:16 Elite Varangian Guard
45:31 Crop Rotation
45:41 Plate Mail Armor
46:12 Blast Furnace
45:13 Bracer
47:21 Scale Barding Armor
47:17 Padded Archer Armor
47:45 Shipwright
47:57 Architecture
47:32 Siege Engineers
49:27 Gothikon
50:31 Conscription
49:33 Elite Jarl
49:34 Vendel Legacy
Osama Bigladen
15:49 Feudal Age
17:24 Double-Bit Axe
17:35 Gold Mining
18:48 Wheelbarrow
17:48 Man-at-Arms
18:13 Arson
27:36 Castle Age
25:53 Forging
28:13 Iron Casting
27:58 Hand Cart
27:43 Long Swordsman
28:24 Squires
30:20 Fishing Lines
38:29 Imperial Age
39:19 Blast Furnace
38:01 Elite Karambit Warrior
41:28 Gold Shaft Mining
41:05 Bow Saw
42:01 Two-Handed Swordsman
43:42 Onager
44:42 Demolition Ship
Connection lost

Rejoining the realm…

Still unreachable

The connection could not be restored.

Session expired

The server has moved on; the page needs a fresh start.